 Dungeon Crawl Stone Soup version 0.25-a0-435-g4b9beb1024 (webtiles) character file.

Game seed: 15811839273247572378, levelgen mode: deterministic

4 Nattfarinn the Vexing (level 1, -1/10 HPs)
             Began as a Vampire Enchanter on Jan 26, 2020.
             Slain by a hobgoblin
             ... wielding a +0 club
              (5 damage)
             ... on level 1 of the Dungeon.
             The game lasted 00:00:41 (172 turns).

Nattfarinn the Vexing (Vampire Enchanter)            Turns: 172, Time: 00:00:42

Health: -1/10      AC:  2    Str:  7    XL:     1   Next: 58%
Magic:  2/3        EV: 13    Int: 17    God:
Gold:   0          SH:  0    Dex: 14    Spells: 3/4 levels left

rFire    . . .     SeeInvis +   a - +1 dagger
rCold    + + .     Gourm    .   (no shield)
rNeg     + + +     Faith    .   b - +0 robe
rPois    ∞         Spirit   .   (no helmet)
rElec    .         Reflect  .   (no cloak)
rCorr    .         Harm     .   (no gloves)
MR       .....                  (no boots)
Stlth    +++++.....             c - amulet of regeneration
HPRegen  0.00/turn              (no ring)
MPRegen  0.08/turn              (no ring)

@: bloodless
A: no food, fangs 3, see invisible, unbreathing
a: Revivify


You were on level 1 of the Dungeon.
You were bloodless.

You visited 1 branch of the dungeon, and saw 1 of its levels.

Inventory:

Hand Weapons
 a - a +1 dagger (weapon)
Armour
 b - a +0 robe (worn)
Jewellery
 c - an amulet of regeneration (around neck)


   Skills:
 + Level 1.2 Short Blades
 + Level 2.3 Dodging
 + Level 4.5 Stealth
 + Level 2.0 Spellcasting
 * Level 4.5 Hexes


You had 3 spell levels left.
You knew the following spells:

 Your Spells              Type           Power        Failure   Level  Hunger
a - Corona                Hex            ###....      3%          1    N/A

Your spell library contained the following spells:

 Spells                   Type           Power        Failure   Level  Hunger
 Confusing Touch          Hex            ###.....     9%          3    N/A
 Tukima's Dance           Hex            ###.....     9%          3    N/A
 Ensorcelled Hibernation  Hex/Ice        #.....       12%         2    N/A
 Dazzling Flash           Conj/Hex       #.....       22%         3    N/A

Dungeon Overview and Level Annotations

Branches:
Dungeon (1/15)

Altars:


Innate Abilities, Weirdness & Mutations

You do not eat.
You do not regenerate when monsters are visible.
You are frail without blood (-20% HP).
You can heal yourself when you bite living creatures.
You are immune to poison.
You have razor-sharp teeth.
You have supernaturally acute eyesight. (SInv)
You can survive without breathing.


Message History

Confirm with . or Enter, or press ? or * to list all spells.
Aiming: Corona (safe; 3% risk of failure)
Press: ? - help, Shift-Dir - straight line, f - hobgoblin
Aim: a hobgoblin, wielding a +0 club (chance to defeat MR: 71%)
The hobgoblin is outlined in light.
The bat completely misses you. The bat barely misses you.
The bat hits you but does no damage.
You hit the hobgoblin.
The hobgoblin is moderately wounded.
You hit the hobgoblin but do no damage.
The hobgoblin is moderately wounded.
The hobgoblin hits you but does no damage.
You hit the hobgoblin.
The hobgoblin is heavily wounded.
The hobgoblin misses you.
You hit the hobgoblin.
The hobgoblin is almost dead.
The hobgoblin hits you with a +0 club.
Ouch! That really hurt!
You die...

..$........#).......#
.>..................#
#...#####...##.....## #.##
###r........# #############
##.g..........# #...........#
#l.##.........# ##.⌠.♣.⌠.♣.⌠.##
#.###.........#
##.............###r...(.......#
#<.≈≈≈≈≈≈≈≈≈≈≈.∩@gb..........#
##............)###...........#
##.⌠.♣.⌠.♣.⌠.## ....(##.....
#...........# .....# K
############# ......# ........
.......#.. ..?.#..


You could see a hobgoblin, a bat and a rat.

Vanquished Creatures
  A dart slug (D:1)
  A hobgoblin (D:1)
  A frilled lizard (D:1)
3 creatures vanquished.

Notes
Turn   | Place    | Note
-------+----------+-------------------------------------------
     0 | D:1      | Nattfarinn the Vampire Enchanter began the quest for the
                  | Orb.
     0 | D:1      | Reached XP level 1. HP: 13/13 MP: 3/3
   172 | D:1      | Slain by a hobgoblin

Levels and vault maps discovered:
D:1:      mainiacjoe_arrival_reflecting_pool, layout_rooms

Action                   || total
-------------------------++-------
Melee: Dagger            ||    19
 Cast: Corona            ||     2
 Abil: Exsanguinate      ||     1
 Stab: Sleeping          ||     1
Armor: Robe              ||    15
Dodge: Dodged            ||    21

Table legend:
 A = Non-vault XP
 B = Vault XP
 C = Vault XP percentage of total XP
 D = Non-vault monster count
 E = Vault monster count
 F = Vault count percentage of total count
                 A         B        C        D         E       F
            +---------+---------+-------+---------+---------+-------
      Total |       7 |       0 |   0.0 |       3 |       0 |   0.0
            +---------+---------+-------+---------+---------+-------
        D:1 |       7 |       0 |   0.0 |       3 |       0 |   0.0
            +---------+---------+-------+---------+---------+-------
